 Dungeon Crawl Stone Soup version 0.27-a0-328-g7f782ed93a (webtiles) character file.

Game seed: 1380847132485451322

42880 siradein the Tainter (level 13, -11/96 HPs)
             Began as a Demonspawn Venom Mage on Feb 12, 2021.
             Was a High Priest of Dithmenos.
             Killed from afar by a molten gargoyle (20 damage)
             ... with a bolt of magma
             ... in a Gauntlet.
             The game lasted 02:00:25 (17244 turns).

siradein the Tainter (Demonspawn Venom Mage)       Turns: 17244, Time: 02:00:25

Health: -11/96     AC: 22    Str: 12    XL:     13   Next: 87%
Magic:  23/23      EV: 17    Int: 24    God:    Dithmenos [*****.]
Gold:   496        SH:  8    Dex: 23    Spells: 13/26 levels left

rFire    . . .     SeeInvis +   q - +9 falchion of Anxiety {vorpal, rN++ Will-}
rCold    . . .     Faith    .   k - +2 buckler
rNeg     + + .     Spirit   .   v - +5 ring mail of the Pink Corner {*Slow Regen+ Str+4 SInv}
rPois    .         Reflect  .   C - +2 hat
rElec    +         Harm     .   x - +2 cloak {Will+}
rCorr    .         Rampage  +   n - +2 pair of gloves {Dex+3}
Will     +....     NoTele   +   a - +0 pair of boots {rampage}
Stlth    +++.......             G - amulet of Siujialu {RegenMP +Blink rElec Int-2}
HPRegen  0.66/turn              M - +6 ring of dexterity
MPRegen  0.43/turn              Q - ring of wizardry

@: wreathed by umbra
A: antennae 2, claws 1, talons 2, clever 2, strong-willed 1, spiny 1, evolution
1, MP-powered wands, demonic magic 3
a: Renounce Religion, Evoke Blink, Shadow Step, Shadow Form


You were in a Gauntlet.
You worshipped Dithmenos.
Dithmenos was extremely pleased with you.
You visited 2 branches of the dungeon, and saw 16 of its levels.
You also visited: Sewer, Gauntlet and Volcano.

You collected 964 gold pieces.
You spent 468 gold pieces at shops.

Inventory:

Hand Weapons
 i - a +2 scimitar of flaming
 q - the +9 falchion of Anxiety (weapon) {vorpal, rN++ Will-}
   (You bought it in a shop on level 4 of the Dungeon)

   It inflicts extra damage upon your enemies.
   It greatly protects you from negative energy.
   It affects your willpower, your defense against some magical effects.
 u - a +1 arbalest of flaming
 z - the +9 mace of Laceration {antimagic, Str+6 Dex+4}
   (You found it on level 7 of the Dungeon)

   It reduces the magical energy of the wielder, and disrupts the spells and
   magical abilities of those hit.
   Natural abilities and divine invocations are not affected.
   It affects your strength (+6).
   It affects your dexterity (+4).
 B - the +5 trident "Nuneoq" {freeze, rC+}
   (You took it off a centaur on level 8 of the Dungeon)

   It has been specially enchanted to freeze those struck by it, causing extra
   injury to most foes and up to half again as much damage against particularly
   susceptible opponents.
   It can also slow down cold-blooded creatures.
   It protects you from cold.
 L - the +5 rapier of Teireen {vorpal, *Drain Str+9 Int-5}
   (You found it on level 4 of the Lair of Beasts)

   It inflicts extra damage upon your enemies.
   It affects your strength (+9).
   It affects your intelligence (-5).
   It causes draining when unequipped.
Missiles
 O - 16 arrows
Armour
 a - a +0 pair of boots of rampaging (worn)
 k - a +2 buckler (worn)
 n - a +2 pair of gloves of dexterity (worn)
 v - the +5 ring mail of the Pink Corner (worn) {*Slow Regen+ Str+4 SInv}
   (You found it on level 5 of the Dungeon)

   It affects your strength (+4).
   It lets you see invisible.
   It increases your rate of regeneration.
   It may slow you when you take damage.
 x - a +2 cloak of willpower (worn)
 C - a +2 hat (worn)
Jewellery
 e - a ring of positive energy
 G - the amulet of Siujialu (around neck) {RegenMP +Blink rElec Int-2}
   (You found it in a Gauntlet)

   [amulet of magic regeneration]

   It increases your magic regeneration.
   It affects your intelligence (-2).
   It insulates you from electricity.
   It lets you blink.
 M - a +6 ring of dexterity (left hand)
 Q - a ring of wizardry (right hand)
Wands
 d - a wand of flame (32)
 l - a wand of random effects (15)
 t - a wand of acid (8)
 E - a wand of mindburst (15)
Scrolls
 b - 4 scrolls of amnesia
 c - 2 scrolls of enchant armour
 f - 2 scrolls of identify
 g - 8 scrolls of teleportation
 h - a scroll of holy word {unknown}
 m - 5 scrolls of enchant weapon
 y - 3 scrolls of fog
 J - a scroll of silence
 K - 2 scrolls of fear
 P - a scroll of blinking
Potions
 j - 3 potions of ambrosia
 o - a potion of heal wounds
 p - 3 potions of haste
 r - 5 potions of curing
 s - a potion of brilliance
 w - 3 potions of flight
 F - a potion of invisibility
 H - a potion of might
 I - 2 potions of magic
 N - 3 potions of berserk rage {unknown}
Miscellaneous
 A - a phial of floods
 D - a condenser vane


   Skills:
 + Level 7.5 Fighting
 + Level 9.4 Long Blades
 + Level 9.6 Armour
 + Level 7.1 Dodging
 - Level 1.7 Stealth
 + Level 4.6 Shields
 + Level 7.1 Spellcasting
 - Level 0.8 Transmutations
 + Level 2.8 Fire Magic
 + Level 3.0 Air Magic
 + Level 13.1 Poison Magic


You had 13 spell levels left.
You knew the following spells:

 Your Spells              Type           Power        Failure   Level
a - Sting                 Tmut/Pois      100%         1%          1
b - Poisonous Vapours     Pois/Air       94%          1%          2
c - Ignite Poison         Fire/Tmut/Pois 35%          1%          3
d - Mephitic Cloud        Conj/Pois/Air  34%          1%          3
e - Olgreb's Toxic Radia  Pois           64%          1%          4

Your spell library contained the following spells:

 Spells                   Type           Power        Failure   Level
 Corpse Rot               Necr/Air       N/A          4%          2
 Sublimation of Blood     Necr           4%           9%          2
 Conjure Flame            Conj/Fire      15%          9%          3
 Portal Projectile        Hex/Tloc       16%          16%         3
 Dispel Undead            Necr           8%           45%         4
 Iskenderun's Mystic Bla  Conj/Tloc      8%           45%         4
 Freezing Cloud           Conj/Ice/Air   6%           99%         6


Dungeon Overview and Level Annotations

Branches:
Dungeon (11/15)            Temple (0/1) D:5            Lair (5/6) D:10
 Shoals (0/4) Lair:4       Spider (0/4) Lair:3          Orc (0/2) D:11
  Sewer (visited)         Volcano (visited)         Gauntlet (1/1)
  Slime: Lair:5-6

Altars:
Ashenzari
Cheibriados
Dithmenos
Elyvilon
Gozag
Qazlal
Trog
Uskayaw
Vehumet
Wu Jian
Xom
Yredelemnul
The Shining One

Shops:
D:4 (   D:9 [

Annotations:
Lair:1 exclusion: oklob plant
Lair:4 1 runed translucent door, Bananafolds's ghost, journeyman MfSk Gauntlet 7 transporters, 2 runed translucent doors


Innate Abilities, Weirdness & Mutations

You have a pair of antennae on your head.
You have sharp fingernails.
You have razor-sharp toenails.
You are partially covered in sharp spines.
Spells you cast and wands you use may paralyse nearby enemies.
Your mind is very acute. (Int +4)
You are strong-willed. (Will+)
You evolve.
You expend magic power (3 MP) to strengthen your wands.


Message History

The molten gargoyle is almost destroyed.
The catoblepas gores you.
* * * LOW HITPOINT WARNING * * *
The molten gargoyle blasts magma at you!
The bolt of magma hits you but does no damage.
The gargoyle hits you but does no damage.
You feel much better.
You feel yourself speed up. The catoblepas closely misses you.
You riposte.
You hit the catoblepas but do no damage.
The catoblepas is severely wounded.
The molten gargoyle completely misses you.
The gargoyle completely misses you.
The catoblepas breathes a plume of calcifying dust at you.
The blast of calcifying dust hits you but does no damage.
You hit the molten gargoyle but do no damage.
The molten gargoyle is almost destroyed.
The molten gargoyle is struck by your spines.
The molten gargoyle barely misses you.
The gargoyle hurls a stone arrow at you.
The stone arrow hits you.
The catoblepas is struck by your spines.
The catoblepas gores you but does no damage.
You hit the molten gargoyle.
You destroy the molten gargoyle!
Dithmenos accepts your kill.
The catoblepas is struck by your spines.
The catoblepas gores you!
* * * LOW HITPOINT WARNING * * *
You slash the catoblepas!
The catoblepas is almost dead.
You hit the molten gargoyle but do no damage.
The catoblepas breathes a plume of calcifying dust at you.
The blast of calcifying dust hits you but does no damage.
The gargoyle is struck by your spines.
The gargoyle hits you with a +0 vorpal mace!
* * * LOW HITPOINT WARNING * * *
x2 The molten gargoyle blasts magma at you!
The bolt of magma hits you!!
You die...

^^#.#.^.#..§.§...###
...©.|..#.........≈#
################..###
...©...........#..§§#
...©.........©.#..§###
##################..§#
Y9....9#.#.....#.#..##
9####..#.#.##..#9#..≈#
.....#.#.##.§##9@#..##
###©.#.#.##..©9Y##..≈#
..[#.#.#.#..##§§##..##
#)?#.#.#.#.#?§##§#..≈#
.#.# #=©? .#..## ##.
##### ##..≈# ..
...........##
..§§........§.≈#
###≈#≈#≈#≈#≈###


You could see a catoblepas, a molten gargoyle and 2 gargoyles.

Vanquished Creatures
  Rupert (Lair:4)
  Gastronok (D:8)
  2 boulder beetles
  5 hydras
  5 death yaks (Lair:3)
  A two-headed ogre (D:9)
  A fire crab (Gauntlet)
  The ghost of foci the Chopper, a novice GrFi (D:7)
  2 lindwurms (Volcano)
  An orb spider (Lair:3)
  A moth of wrath (Gauntlet)
  A centaur zombie (D:7)
  3 merfolk sirens (Lair:4)
  A black mamba (Lair:5)
  4 elephants (Lair:5)
  Joseph (D:7)
  8 cane toads
  4 molten gargoyles
  2 rime drakes (Lair:4)
  A gargoyle (D:10)
  Maggie (D:7)
  5 komodo dragons
  3 efreet (Volcano)
  A merfolk (Lair:4)
  2 polar bears
  A troll (D:7)
  Grinder (D:3)
  3 blink frogs (Lair:3)
  Sigmund (D:4)
  29 yaks
  A shadow (D:9)
  3 fire elementals (Volcano)
  2 wyverns
  3 fire bats (Gauntlet)
  4 basilisks
  Menkaure (D:6)
  5 hell hounds
  15 water moccasins
  2 sky beasts
  Purgy (Sewer)
  3 ice beasts
  5 black bears
  8 orc warriors
  A necrophage (D:5)
  21 wolves
  7 ogres
  A phantom (D:8)
  7 centaurs
  15 bullfrogs
  2 earth elementals (Volcano)
  3 scorpions
  6 killer bees (D:9)
  A wight (D:10)
  7 jellies
  An electric eel (Lair:3)
  6 howler monkeys
  2 bullfrog zombies
  5 hounds
  Crazy Yiuf (D:7)
  3 orc priests
  A gnoll shaman (D:8)
  2 centaur skeletons
  3 iguanas
  7 hell rats (Lair:1)
  18 orc wizards
  6 worker ants
  A hound skeleton (D:7)
  Robin (D:3)
  A howler monkey skeleton (D:9)
  A worker ant zombie (D:5)
  11 gnolls
  4 adders
  2 river rats (D:5)
  5 white imps
  5 ufetubi
  6 oozes
  3 adder skeletons
  An adder zombie (D:7)
  2 worms
  2 dart slugs (D:4)
  9 leopard geckos
  39 orcs
  7 ball pythons
  2 bats (D:2)
  6 giant cockroaches
  15 goblins
  6 hobgoblins
  10 jackals
  7 kobolds
  6 quokkas
  11 frilled lizards
  A giant cockroach zombie (D:6)
  15 rats
  2 fire vortices (Volcano)
453 creatures vanquished.

Vanquished Creatures (others)
  A molten gargoyle (Volcano)
  An orc (D:7)
  A fire vortex (Volcano)
  64 fungi
  62 plants
129 creatures vanquished.

Grand Total: 582 creatures vanquished

Notes
Turn   | Place    | Note
-------+----------+-------------------------------------------
     0 | D:1      | siradein the Demonspawn Venom Mage began the quest for the
                  | Orb.
     0 | D:1      | Reached XP level 1. HP: 13/13 MP: 3/3
   281 | D:1      | Gained mutation: You are partially covered in sharp spines.
                  | [demonic ancestry]
   281 | D:1      | Reached XP level 2. HP: 19/19 MP: 1/5
   747 | D:2      | Reached skill level 4 in Poison Magic
   930 | D:2      | Gained mutation: Spells you cast may paralyse adjacent
                  | enemies. [demonic ancestry]
   930 | D:2      | Reached XP level 3. HP: 14/24 MP: 6/6
  1354 | D:2      | Learned a level 2 spell: Poisonous Vapours
  1517 | D:2      | Found a glowing golden altar of the Shining One.
  1904 | D:3      | Learned a level 3 spell: Ignite Poison
  2084 | D:3      | Reached XP level 4. HP: 30/30 MP: 4/7
  2137 | D:3      | Found an ornate altar of the Wu Jian Council.
  2198 | D:3      | Found a faded altar of an unknown god.
  2225 | D:3      | Noticed Robin
  2328 | D:3      | Reached skill level 5 in Poison Magic
  2958 | D:3      | Noticed Grinder
  2969 | D:3      | Killed Grinder
  2970 | D:3      | Reached skill level 6 in Poison Magic
  2970 | D:3      | Gained mutation: You have sharp toenails. [demonic
                  | ancestry]
  2970 | D:3      | Reached XP level 5. HP: 35/35 MP: 2/8
  2970 | D:3      | Reached XP level 6. HP: 41/41 MP: 2/9
  3075 | D:3      | Found a hide-covered altar of Uskayaw.
  3079 | D:3      | Learned a level 1 spell: Sting
  3083 | D:3      | Learned a level 3 spell: Mephitic Cloud
  3169 | D:3      | Killed Robin
  3170 | D:3      | Reached skill level 7 in Poison Magic
  3649 | D:4      | Noticed Sigmund
  3688 | D:4      | Killed Sigmund
  3691 | D:4      | Reached skill level 8 in Poison Magic
  3691 | D:4      | Gained mutation: You have sharp fingernails. [demonic
                  | ancestry]
  3691 | D:4      | Reached XP level 7. HP: 22/46 MP: 4/10
  3985 | D:4      | Found Qeomoq Konidgh's Antique Weapon Emporium.
  3994 | D:4      | Bought a faintly glowing falchion for 192 gold pieces
  3994 | D:4      | Identified the +9 falchion of Anxiety {vorpal, rN++ Will-}
                  | (You bought it in a shop on level 4 of the Dungeon)
  3997 | D:4      | Found a broken altar of Ashenzari.
  4000 | D:4      | Found a basalt altar of Yredelemnul.
  4275 | D:4      | Found a shadowy altar of Dithmenos.
  4354 | D:4      | Became a worshipper of Dithmenos the Shadowed
  4404 | D:4      | Got a warped ring mail
  4405 | D:4      | Identified the +3 ring mail of the Mantidfly {Slay+3} (You
                  | found it on level 4 of the Dungeon)
  4542 | D:5      | Entered Level 5 of the Dungeon
  4580 | D:5      | Found a staircase to the Ecumenical Temple.
  4594 | D:5      | Reached skill level 1 in Armour
  4614 | D:5      | Found a bloodstained altar of Trog.
  4702 | D:5      | Got a bloodstained ring mail
  4736 | D:5      | Reached skill level 1 in Long Blades
  4817 | D:5      | Reached skill level 9 in Poison Magic
  4930 | D:5      | Found a glowing drain.
  4935 | D:5      | Gained mutation: Spells you cast may paralyse nearby
                  | enemies. [demonic ancestry]
  4935 | D:5      | Reached XP level 8. HP: 52/52 MP: 11/11
  4938 | Sewer    | Entered a sewer
  4982 | Sewer    | Noticed Purgy
  4986 | Sewer    | Killed Purgy
  4986 | Sewer    | Reached * piety under Dithmenos
  5096 | Sewer    | Gained mutation: You have razor-sharp toenails. [potion of
                  | mutation]
  5096 | Sewer    | Gained mutation: You evolve. [potion of mutation]
  5096 | Sewer    | Gained mutation: Your mind is acute. (Int +2) [potion of
                  | mutation]
  5316 | D:5      | Identified the +5 ring mail of the Pink Corner {*Slow
                  | Regen+ Str+4 SInv} (You found it on level 5 of the Dungeon)
  5364 | D:6      | Noticed Menkaure
  5373 | D:6      | Killed Menkaure
  5690 | D:6      | Found an opulent altar of Gozag.
  5699 | D:6      | Found a white marble altar of Elyvilon.
  5763 | D:6      | Gained mutation: Your mind is very acute. (Int +4)
                  | [evolution]
  5974 | D:6      | Gained mutation: Spells you cast and wands you use may
                  | paralyse nearby enemies. [demonic ancestry]
  5974 | D:6      | Reached XP level 9. HP: 57/57 MP: 10/12
  5984 | D:6      | Reached skill level 10 in Poison Magic
  5986 | D:6      | Reached ** piety under Dithmenos
  6071 | D:6      | Found a snail-covered altar of Cheibriados.
  6297 | D:7      | Noticed a troll
  6303 | D:7      | Killed a troll
  6304 | D:7      | Reached skill level 5 in Armour
  6377 | D:7      | Reached skill level 5 in Long Blades
  6397 | D:7      | Identified Ragis's Reference Book on Evil and the Compass
  6487 | D:7      | Noticed Maggie
  6503 | D:7      | Killed Maggie
  6567 | D:7      | Noticed Joseph
  6577 | D:7      | Killed Joseph
  6650 | D:7      | Found a radiant altar of Vehumet.
  6830 | D:7      | Reached XP level 10. HP: 62/63 MP: 13/13
  7021 | D:7      | Reached skill level 11 in Poison Magic
  7089 | D:7      | Found a runed translucent door.
  7089 | D:7      | Noticed Crazy Yiuf
  7096 | D:7      | Killed Crazy Yiuf
  7106 | D:7      | Got a translucent mace
  7107 | D:7      | Identified the +9 mace of Laceration {antimagic, Str+6
                  | Dex+4} (You found it on level 7 of the Dungeon)
  7260 | D:7      | Found a large runed translucent door.
  7261 | D:7      | Found a large runed translucent door.
  7339 | D:7      | Noticed foci's ghost (novice GrFi)
  7402 | D:7      | Killed foci's ghost
  7535 | D:8      | Found a stormy altar of Qazlal.
  7605 | D:8      | Identified the +5 trident "Nuneoq" {freeze, rC+}
  7631 | D:8      | Reached skill level 1 in Fighting
  7738 | D:8      | Noticed Gastronok
  7922 | D:8      | Gained mutation: You expend magic power (3 MP) to
                  | strengthen your wands. [evolution]
  7938 | D:8      | Killed Gastronok
  7951 | D:8      | Learned a level 4 spell: Olgreb's Toxic Radiance
  8214 | D:8      | Reached *** piety under Dithmenos
  8458 | D:9      | Noticed a two-headed ogre
  8469 | D:9      | Killed a two-headed ogre
  8470 | D:9      | Gained mutation: You have a pair of small antennae on your
                  | head. [demonic ancestry]
  8470 | D:9      | Reached XP level 11. HP: 36/75 MP: 8/16
  8601 | D:9      | Got a scorched platinum ring
  8614 | D:9      | Found Cheibriados's Comfort Zone.
  8615 | D:9      | Identified the ring of the Marlin {rF+ Will+} (You found it
                  | on level 9 of the Dungeon)
  8620 | D:9      | Found a snail-covered altar of Cheibriados.
  9449 | D:10     | Entered Level 10 of the Dungeon
  9463 | D:10     | Reached **** piety under Dithmenos
  9468 | D:10     | Found a staircase to the Lair.
  9699 | D:10     | Found a transporter.
  9699 | D:10     | Found a transporter.
  9699 | D:10     | Noticed a boulder beetle
 10276 | Lair:1   | Entered Level 1 of the Lair of Beasts
 10293 | Lair:1   | Reached skill level 12 in Poison Magic
 10403 | Lair:1   | Reached skill level 5 in Dodging
 10479 | Lair:1   | Reached skill level 5 in Spellcasting
 10482 | Lair:1   | Reached skill level 5 in Fighting
 10718 | Lair:1   | Noticed an oklob plant
 10775 | Lair:1   | Reached ***** piety under Dithmenos
 10846 | Lair:1   | Gained mutation: You have a pair of antennae on your head.
                  | [demonic ancestry]
 10846 | Lair:1   | Reached XP level 12. HP: 86/86 MP: 14/19
 10944 | Lair:1   | Reached skill level 1 in Shields
 11119 | Lair:1   | Noticed a five-headed hydra
 11149 | Lair:1   | Killed a five-headed hydra
 11755 | Lair:2   | Noticed a four-headed hydra
 11764 | Lair:2   | Killed a four-headed hydra
 12308 | Lair:3   | Found a hole to the Spider Nest.
 12360 | Lair:3   | Noticed a death yak
 12360 | Lair:3   | Noticed a death yak
 12363 | Lair:3   | Noticed a death yak
 12364 | Lair:3   | Noticed a death yak
 12364 | Lair:3   | Noticed a death yak
 12370 | Lair:3   | Killed a death yak
 12377 | Lair:3   | Killed a death yak
 12381 | Lair:3   | Killed a death yak
 12388 | Lair:3   | Killed a death yak
 12392 | Lair:3   | Killed a death yak
 12659 | Lair:3   | Gained mutation: You are strong-willed. (Will+) [evolution]
 13332 | Lair:4   | Noticed Rupert
 13349 | Lair:4   | Killed Rupert
 13358 | Lair:4   | Got a dazzling rapier
 13359 | Lair:4   | Identified the +5 rapier of Teireen {vorpal, *Drain Str+9
                  | Int-5} (You found it on level 4 of the Lair of Beasts)
 13540 | Lair:4   | Reached XP level 13. HP: 95/95 MP: 4/22
 13546 | Lair:4   | Found a staircase to the Shoals.
 13762 | Lair:4   | Found a runed translucent door.
 13766 | Lair:4   | Found a shimmering altar of Xom.
 13766 | Lair:4   | Noticed Bananafolds's ghost (journeyman MfSk)
 13974 | Lair:4   | Reached skill level 1 in Air Magic
 13989 | Lair:4   | Reached skill level 1 in Fire Magic
 14869 | D:4      | Bought an iridescent glaive for 276 gold pieces
 14869 | D:4      | Identified the +2 glaive "Epsiumir" {vorpal, *Corrode +Fly
                  | Dex+6} (You bought it in a shop on level 4 of the Dungeon)
 15291 | Lair:5   | Found a dark tunnel.
 15309 | Volcano  | Entered a volcano
 15932 | Volcano  | Reached skill level 13 in Poison Magic
 16934 | D:11     | Found a gate leading to a gauntlet.
 16943 | Gauntlet | Entered a Gauntlet
 16943 | Gauntlet | Found a transporter.
 16943 | Gauntlet | Found a transporter.
 16943 | Gauntlet | Noticed a death ooze
 16946 | Gauntlet | Found a transporter.
 16946 | Gauntlet | Found a transporter.
 16963 | Gauntlet | Found a transporter.
 16981 | Gauntlet | Found a runed translucent door.
 16982 | Gauntlet | Found a transporter.
 16983 | Gauntlet | Found a runed translucent door.
 16994 | Gauntlet | Found a transporter.
 17011 | Gauntlet | Found a transporter.
 17015 | Gauntlet | Found a transporter.
 17015 | Gauntlet | Found a transporter.
 17081 | Gauntlet | Got a scintillating brass amulet
 17082 | Gauntlet | Identified the amulet of Siujialu {RegenMP +Blink rElec
                  | Int-2} (You found it in a Gauntlet)
 17116 | Gauntlet | Found a transporter.
 17220 | Gauntlet | Found a transporter.
 17232 | Gauntlet | HP: 1/96 [molten gargoyle/+0 mace (12)]
 17244 | Gauntlet | Killed from afar by a molten gargoyle

Illustrated notes

Levels and vault maps discovered:
D:1:      mrwooster_arrival_arrow, layout_rooms
D:2:      layout_basic, lemuel_doored_altar, chequers_decorated_corner
D:3:      layout_loops_ring, overflow_temple_1_default, lemuel_round_altar,
          chequers_ecumenical_altar_simple_redux, wad_orctagon, uniq_robin,
          uniq_grinder
D:4:      layout_rooms, nicolae_dithmenos_the_darkroom,
          grunt_temple_overflow_open, serial_shops, shop, uniq_sigmund
D:5:      layout_basic, kennysheep_little_box, temple_fountains,
          portal_sewer_entry_e, hangedman_decor_opposing,
          kennysheep_generic_room_4
D:6:      layout_basic, general_overflow_altar, minitemple,
          chequers_serial_rivers_micro_b, uniq_menkaure
D:7:      minmay_clustersquares, layout_basic, vehumet_crystals,
          ebering_ghost_disaster_area, uniq_joseph, uniq_crazy_yiuf_cottage,
          uniq_maggie
D:8:      layout_loops_ring, grunt_qazlal_sundering, uniq_gastronok
D:9:      layout_loops_ring, hangedman_decor_growths, st_stairs_14,
          amcnicky_mini_rare_corridor_liquid, minmay_shop_chei,
          hangedman_little_slice_of_home
D:10:     gammafunk_boulding_lane, layout_loops_ring,
          due_lair_maze_entry_diamond, eino_small_chamber_without_monster
D:11:     layout_irregular_city, zombieorc1_lemuel, gauntlet_entry_generic,
          portal_ice_cave_entry_ice_beasts, basic_altar
Lair:1:   layout_loops_ring, minmay_lair_oklob_chamber
Lair:2:   layout_loops_ring, serial_bayou_shore_b, infiniplex_staircase_pool,
          lemuel_fruit_fields
Lair:3:   layout_roguey, nicolae_spider_entry_orb_guardian,
          cheibrodos_lair_caveside_slide, serial_bayou_lagoon_b,
          infiniplex_staircase_pool_2
Lair:4:   layout_loops_ring, elwin_shoals_entry_stream, ebering_ghost_xom,
          uniq_rupert
Lair:5:   layout_small_grid, enter_volcano_3, grunt_forest_small_clearings,
          beast_lair_carwin_6
Gauntlet: gammafunk_gauntlet_mixed_choke_point
          [minmay_gauntlet_arena_77_checkered, minmay_gauntlet_arena_77_mess,
          minmay_gauntlet_arena_77_cramped, nicolae_gauntlet_arena_t_cross,
          minmay_gauntlet_arena_77_box,
          minmay_gauntlet_arena_77_radiant_squares,
          minmay_gauntlet_arena_77_squiggly, gauntlet_exit_watery]

Skill      XL: |  1  2  3  4  5  6  7  8  9 10 11 12 13 |
---------------+----------------------------------------+-----
Poison Magic   | 4 6 8 9 10 11 12 13 | 13.1
Armour         | 2 4 6 7 8 9 |  9.6
Long Blades    | 1 4 6 7 8 9 |  9.4
Dodging        | 3 5 6 7 |  7.1
Fighting       | 3 5 6 7 |  7.5
Spellcasting   | 3 5 6 7 |  7.1
Shields        | 3 4 |  4.6
Air Magic      | 3 |  3.0
Fire Magic     | 2 |  2.8
Stealth        | |  1.7
Transmutations | |  0.8

Action                   |  1- 3 |  4- 6 |  7- 9 | 10-12 | 13-15 || total
-------------------------+-------+-------+-------+-------+-------++-------
Melee: Dagger            |     9 |    30 |     5 |       |       ||    44
       Unarmed           |     1 |       |       |       |       ||     1
       Falchion          |       |       |   173 |   350 |   267 ||   790
       Kick              |       |       |    33 |   170 |    32 ||   235
       Trident           |       |       |       |    15 |       ||    15
       Scimitar          |       |       |       |       |    14 ||    14
 Cast: Sting             |    52 |    23 |    43 |    30 |     5 ||   153
       Poisonous Vapours |     8 |    16 |     1 |       |       ||    25
       Ignite Poison     |       |     1 |       |    10 |     7 ||    18
       Olgreb's Toxic Ra |       |       |       |    43 |    23 ||    66
       Mephitic Cloud    |       |       |       |     1 |       ||     1
Invok: Shadow Step       |       |       |       |       |     1 ||     1
  Use: Scroll            |       |     7 |     4 |    15 |     4 ||    30
       Potion            |       |       |     8 |       |     5 ||    13
 Stab: Sleeping          |     1 |       |     2 |     9 |     4 ||    16
       Paralysed         |       |     4 |    31 |    37 |    26 ||    98
Armor: Robe              |     5 |     6 |       |       |       ||    11
       Ring mail         |       |       |    73 |   107 |    88 ||   268
Dodge: Dodged            |     9 |    18 |   104 |   190 |   179 ||   500
Block: Buckler           |       |     1 |       |    23 |    97 ||   121
       Rpst.: Falchion   |       |       |    26 |    58 |    34 ||   118
       Scimitar          |       |       |       |       |     4 ||     4

Table legend: (Time is in decaauts)
 A = Elapsed time spent in this place.
 B = Non-inter-level travel time spent in this place.
 C = Inter-level travel time spent in this place.
 D = Time resting spent in this place.
 E = Time spent auto-exploring this place.
 F = Levels seen in this place.
 G = Mean time per level.
                   A        B        C        D        E       F      G
               +--------+--------+--------+--------+--------+-----+--------+
         Total |  17328 |  16510 |    818 |    563 |  12129 |  19 |  912.0 |
       Dungeon |  10509 |  10019 |    490 |    226 |   7450 |  11 |  955.4 |
          Lair |   5615 |   5288 |    327 |    124 |   4331 |   5 | 1123.0 |
         Sewer |    219 |    219 |      0 |     22 |    120 |   1 |  219.0 |
       Volcano |    677 |    677 |      0 |    191 |    226 |   1 |  677.0 |
      Gauntlet |    306 |    306 |      0 |      0 |      0 |   1 |  306.0 |
               +--------+--------+--------+--------+--------+-----+--------+

Top non-repeatable levels by time:
     D:3: 1562 daAuts
     D:2: 1395 daAuts
  Lair:4: 1385 daAuts
     D:7: 1315 daAuts
  Lair:3: 1303 daAuts
  Lair:1: 1208 daAuts
     D:8: 992 daAuts
    D:10: 986 daAuts
     D:9: 981 daAuts
     D:4: 965 daAuts
  Lair:5: 952 daAuts
     D:6: 932 daAuts
  Lair:2: 766 daAuts
     D:1: 689 daAuts
 Volcano: 677 daAuts
